 Dungeon Crawl Stone Soup version 0.31.0-11-ge490571c62 (webtiles) character file.

Game seed: 16597277684516231188

120 NamelessAdventurer the Digger (level 5, 0/37 HPs)
             Began as a Gnoll Earth Elementalist on Feb 9, 2024.
             Killed from afar by an orc wizard (7 damage)
             ... with a magic dart
             ... on level 4 of the Dungeon.
             The game lasted 00:04:23 (961 turns).

NamelessAdventurer the Digger (GnEE)                 Turns: 961, Time: 00:04:24

Health: 0/37       AC:  9    Str: 10    XL:     5   Next: 4%
Magic:  5/12       EV: 13    Int: 14    God:
Gold:   82         SH:  0    Dex: 12    Spells: 3/14 levels left

rFire   . . .        c - +1 hand axe
rCold   . . .        (no shield)
rNeg    . . .        a - +0 robe
rPois   .            (no helmet)
rElec   .            (no cloak)
rCorr   .            (no gloves)
SInv    .            (no boots)
Will    .....        (no amulet)
Stlth   +++          (no ring)
HPRegen 0.26/turn    (no ring)
MPRegen 0.13/turn

%: no passive effects
@: no status effects
A: fangs 1, strong nose, distributed training
a: no special abilities


You were on level 4 of the Dungeon.
You visited 1 branch of the dungeon, and saw 4 of its levels.

You collected 82 gold pieces.

Inventory:

Hand Weapons
 c - a +1 hand axe (weapon)
Missiles
 f - a boomerang (quivered)
Armour
 a - a +0 robe (worn)
Scrolls
 g - a scroll of fear
 h - a scroll of vulnerability
Potions
 b - a potion of magic
 d - a potion of resistance
 e - a potion of degeneration {unknown}
 i - a potion of curing {unknown}


   Skills:
 + Level 1.4 Fighting
 + Level 1.4 Short Blades
 + Level 1.4 Long Blades
 + Level 1.4 Axes
 + Level 1.4 Maces & Flails
 + Level 1.4 Polearms
 + Level 1.4 Staves
 + Level 1.4 Ranged Weapons
 + Level 1.4 Throwing
 + Level 1.4 Armour
 + Level 4.7 Dodging
 + Level 4.3 Stealth
 + Level 1.4 Shields
 + Level 1.4 Unarmed Combat
 + Level 5.1 Spellcasting
 + Level 2.3 Conjurations
 + Level 1.1 Hexes
 + Level 1.1 Summonings
 + Level 1.1 Necromancy
 + Level 1.1 Translocations
 + Level 1.1 Fire Magic
 + Level 1.1 Ice Magic
 + Level 1.1 Air Magic
 + Level 5.5 Earth Magic
 + Level 1.1 Alchemy
 + Level 1.5 Invocations
 + Level 1.4 Evocations
 + Level 1.2 Shapeshifting


You had 3 spell levels left.
You knew the following spells:

 Your Spells              Type           Power      Damage    Failure   Level
a - Sandblast             Erth           38%        2d10      1%          1
b - Stone Arrow           Conj/Erth      28%        3d8       10%         3
c - Passwall              Erth           19%        N/A       5%          3
d - Petrify               Alch/Erth      12%        N/A       41%         4

Your spell library contained the following spells:

 Spells                   Type           Power      Damage    Failure   Level
 Brom's Barrelling Bould  Conj/Erth      14%        2d4       32%         4


Dungeon Overview and Level Annotations

Branches:
Dungeon (4/15)
 Temple: D:4-7

Altars:


Innate Abilities, Weirdness & Mutations

You have very sharp teeth.
Your uncanny sense of smell can sniff out nearby items.
Your experience applies equally to all skills.


Message History

Aim: an orc priest, wielding a +0 club and wearing a +0 ring mail (moderately wounded, 72% to hit)
The stone arrow hits the orc priest!
You kill the orc priest!
You have reached level 5!
You hit something. Your bite misses something. Something hits you.
You barely miss something. Something hits you.
You completely miss something. Something hits you.
You barely miss something. Something hits you.
You miss something. Something barely misses you. Something hits you.
You hit something. Something hits you but does no damage.
You hit something but do no damage. Something hits you.
You miss something. Your bite misses something.
You hear some strange, mumbled words.
Something tries to affect you, but you resist.
You miss something. Something hits you but does no damage.
You barely miss something.
You hear some strange, mumbled words.
A puff of flame appears from out of thin air!
The puff of flame hits you!
You hear some strange, mumbled words.
A magic dart appears from out of thin air!
The magic dart hits you!
* * * LOW HITPOINT WARNING * * *
Casting: Stone Arrow (dangerous; 10% risk of failure)
Confirm with . or Enter, or press ? or * to list all spells.
You can't see any susceptible monsters within range! (Use Z to cast anyway.) Unknown command.
Casting: Stone Arrow (dangerous; 10% risk of failure)
Confirm with . or Enter, or press ? or * to list all spells.
Aiming: Passwall (dangerous; 5% risk of failure)
Press: ? - help, Dir - move target A rock wall.
Something hits you but does no damage.
You begin to meditate on the wall.
You continue meditating on the rock.
Something hits you but does no damage.
You continue meditating on the rock.
You hear some strange, mumbled words.
A magic dart appears from out of thin air!
The magic dart hits you!
You die...

#.#.#.#.# ..#
#.#.#.#.#)..#
#.#.#.#.#....
######...#...{..#
#..........o.#
#....)..#
#.#####.#
#.####{#...#.#
#.....@#.#...#
#.####.#<###.#
##### ###


There were no monsters in sight!

Vanquished Creatures
  A hound (D:3)
  An orc priest (D:4)
  Jessica (D:2)
  An adder (D:2)
  3 orcs (D:4)
  An endoplasm (D:1)
  A giant cockroach (D:2)
  3 goblins
  4 hobgoblins
  4 ball pythons
  2 bats
  A frilled lizard (D:3)
  2 kobolds (D:1)
  A rat (D:2)
26 creatures vanquished.

Notes
Turn   | Place    | Note
-------+----------+-------------------------------------------
     0 | D:1      | NamelessAdventurer the Gnoll Earth Elementalist began the
                  | quest for the Orb.
     0 | D:1      | Reached XP level 1. HP: 13/13 MP: 6/6
   119 | D:1      | Reached XP level 2. HP: 19/19 MP: 3/7
   324 | D:2      | Noticed Jessica
   330 | D:2      | Killed Jessica
   331 | D:2      | Reached skill level 5 in Spellcasting
   331 | D:2      | Reached skill level 1 in Invocations
   331 | D:2      | Reached XP level 3. HP: 13/25 MP: 5/9
   342 | D:2      | Learned a level 3 spell: Stone Arrow
   346 | D:2      | Learned a level 3 spell: Passwall
   376 | D:2      | Reached skill level 1 in Fighting
   376 | D:2      | Reached skill level 1 in Short Blades
   376 | D:2      | Reached skill level 1 in Long Blades
   376 | D:2      | Reached skill level 1 in Axes
   376 | D:2      | Reached skill level 1 in Maces & Flails
   376 | D:2      | Reached skill level 1 in Polearms
   376 | D:2      | Reached skill level 1 in Staves
   376 | D:2      | Reached skill level 1 in Ranged Weapons
   376 | D:2      | Reached skill level 1 in Throwing
   376 | D:2      | Reached skill level 1 in Armour
   376 | D:2      | Reached skill level 1 in Shields
   376 | D:2      | Reached skill level 1 in Unarmed Combat
   376 | D:2      | Reached skill level 1 in Evocations
   605 | D:3      | Reached skill level 1 in Hexes
   605 | D:3      | Reached skill level 1 in Summonings
   605 | D:3      | Reached skill level 1 in Necromancy
   605 | D:3      | Reached skill level 1 in Translocations
   605 | D:3      | Reached skill level 1 in Fire Magic
   605 | D:3      | Reached skill level 1 in Ice Magic
   605 | D:3      | Reached skill level 1 in Air Magic
   605 | D:3      | Reached skill level 1 in Alchemy
   605 | D:3      | Reached skill level 1 in Shapeshifting
   605 | D:3      | Reached XP level 4. HP: 10/32 MP: 0/11
   786 | D:3      | Learned a level 4 spell: Petrify
   949 | D:4      | Reached XP level 5. HP: 33/37 MP: 6/12
   961 | D:4      | Killed from afar by an orc wizard

Illustrated notes

Levels and vault maps discovered:
D:1:      dpeg_arrival_orchard, layout_basic, minmay_pentomino_p4
D:2:      layout_basic, serial_park_tiny_pond, st_stairs_14,
          amcnicky_mini_pool_small, uniq_jessica
D:3:      layout_basic, cheibrodos_gnoll_hut
D:4:      layout_basic, nicolae_uskayaw_murder_on_the_dancefloor, st_stairs_6,
          minmay_misc_feat_roman, serial_library_hellmonk_secret_room,
          minivault_11, minmay_misc_feat_encased, skrybe_limestone_x

Skill      XL: |  1  2  3 |
---------------+----------+-----
Conjurations   | 2 |  2.3
Spellcasting   | 5 |  5.1
Invocations    | 1 |  1.5
Fighting       | 1 |  1.4
Short Blades   | 1 |  1.4
Long Blades    | 1 |  1.4
Axes           | 1 |  1.4
Maces & Flails | 1 |  1.4
Polearms       | 1 |  1.4
Staves         | 1 |  1.4
Ranged Weapons | 1 |  1.4
Throwing       | 1 |  1.4
Armour         | 1 |  1.4
Shields        | 1 |  1.4
Unarmed Combat | 1 |  1.4
Evocations     | 1 |  1.4
Hexes          | 1 |  1.1
Summonings     | 1 |  1.1
Necromancy     | 1 |  1.1
Translocations | 1 |  1.1
Fire Magic     | 1 |  1.1
Ice Magic      | 1 |  1.1
Air Magic      | 1 |  1.1
Alchemy        | 1 |  1.1
Shapeshifting  | 1 |  1.2
Dodging        | |  4.7
Stealth        | |  4.3
Earth Magic    | |  5.5

Action                     |  1- 3 |  4- 6 || total
---------------------------+-------+-------++-------
  Melee: Hand axe          |    19 |    22 ||    41
         Bite              |     1 |     1 ||     2
         Punch             |     1 |       ||     1
  Throw: Boomerang         |    12 |     4 ||    16
   Cast: Sandblast         |    16 |       ||    16
         Stone Arrow       |     2 |     3 ||     5
         Passwall          |       |     2 ||     2
    Use: Scroll            |     3 |     2 ||     5
   Stab: Sleeping          |       |     1 ||     1
 Armour: Robe              |    24 |    19 ||    43
  Dodge: Dodged            |    18 |     8 ||    26
